 Dungeon Crawl Stone Soup version 0.27-a0-931-g5a74e75d8f (webtiles) character file.

Game seed: 14018051648893567236

362 Mesmaeker13 the Magician (level 6, -6/32 HPs)
             Began as a Deep Elf Fire Elementalist on Apr 10, 2021.
             Killed by an exploding orc (12 damage)
             ... ignited by their inner flame
             ... on level 5 of the Dungeon.
             The game lasted 00:05:47 (3003 turns).

Mesmaeker13 the Magician (DEFE)                     Turns: 3003, Time: 00:05:48

Health: -6/32      AC:  8    Str:  6    XL:     6   Next: 39%
Magic:  14/15      EV: 13    Int: 21    God:
Gold:   77         SH:  0    Dex: 15    Spells: 8/15 levels left

rFire    + . .     SeeInvis .   k - staff of fire
rCold    . . .     Faith    .   (no shield)
rNeg     . . .     Spirit   .   d - +0 leather armour
rPois    +         Reflect  .   (no helmet)
rElec    .         Harm     .   h - +1 cloak {rPois}
rCorr    .         Rampage  .   (no gloves)
Will     .....                  c - +2 pair of boots
Stlth    ++........             (no amulet)
HPRegen  0.10/turn              (no ring)
MPRegen  0.14/turn              (no ring)

@: no status effects
A: no striking features
a: no special abilities


You were on level 5 of the Dungeon.
You visited 1 branch of the dungeon, and saw 5 of its levels.

You collected 77 gold pieces.

Inventory:

Hand Weapons
 e - a +2 vampiric dagger
Armour
 c - a +2 pair of boots (worn)
 d - a +0 leather armour (worn)
 h - a +1 cloak of poison resistance (worn)
Magical Staves
 k - a staff of fire (weapon)
 l - a staff of death
Scrolls
 n - a scroll of vulnerability
Potions
 a - 2 potions of flight
 i - a potion of ambrosia
 m - a potion of brilliance {unknown}


   Skills:
 + Level 4.5 Dodging
 - Level 2.4 Stealth
 + Level 5.2 Spellcasting
 + Level 3.6 Conjurations
 + Level 4.9 Fire Magic


You had 8 spell levels left.
You knew the following spells:

 Your Spells              Type           Power      Damage    Failure   Level
a - Foxfire               Conj/Fire      100%       2x1d9     2%          1
b - Sticky Flame          Conj/Fire      35%        2d5       28%         4
c - Blink                 Tloc           N/A        N/A       26%         2

Your spell library contained the following spells:

 Spells                   Type           Power      Damage    Failure   Level
 Magic Dart               Conj           80%        1d7       3%          1
 Conjure Flame            Conj/Fire      35%        6-21      9%          3
 Inner Flame              Hex/Fire       23%        N/A       19%         3
 Call Imp                 Summ           5%         N/A       26%         2
 Slow                     Hex            5%         N/A       26%         2
 Mephitic Cloud           Conj/Pois/Air  10%        N/A       30%         3
 Fireball                 Conj/Fire      17%        3d9       61%         5


Dungeon Overview and Level Annotations

Branches:
Dungeon (5/15)             Temple (0/1) D:5

Altars:
Cheibriados

Shops:
D:2 ?(

Annotations:
D:3 1 runed translucent door, Crazy Yiuf, Grinder
D:5 1 runed translucent door, p0werm0de's ghost, novice GrFi


Message History

The orc barely misses you.
As you read the scroll labelled SAECRI XIAGEIMIRU, it crumbles to dust.
It is a scroll of enchant weapon.
Your +1 vampiric dagger glows red for a moment.
The orc priest looks braver for a moment.
The orc wizard closely misses you. The orc hits you with a +0 club.
As you read the scroll labelled ILECIENIFA, it crumbles to dust.
The creatures around you are filled with an inner flame!
It was a scroll of immolation.
The orc priest hits you but does no damage.
The orc wizard closely misses you.
An orc comes into view. It is wielding a +0 club.
The orc closely misses you.
The orc wizard points at you and mumbles some strange words.
You resist with some effort.
As you read the scroll labelled BOIGHU TOOMYC, it crumbles to dust.
You feel aware of your surroundings.
It was a scroll of magic mapping.
The orc barely misses you.
The orc priest hits you but does no damage.
The orc hits you but does no damage.
Okay, then.
Casting: Foxfire (safe; 2% risk of failure)
Confirm with . or Enter, or press ? or * to list all spells.
You feel a surge of power!
You conjure some foxfire!
The orc misses you. The orc priest hits you with a +0 club.
The orc closely misses you.
The foxfire hits the orc priest.
Flame seeps out of the orc priest.
The orc priest is moderately wounded.
The foxfire hits the orc.
Flame seeps out of the orc.
The orc is lightly wounded.
The orc is engulfed in blazing flames.
The orc explodes!
The fiery explosion engulfs the orc priest!!
The fiery explosion engulfs you! You resist.
* * * LOW HITPOINT WARNING * * *
The fiery explosion engulfs the orc!!
You kill the orc!
The fiery explosion engulfs the orc!!
The orc explodes!
The fiery explosion engulfs you! You resist.
You die...

***********,,*,*** #..#.####.
*,,,,,,,,,,,,,,,,* #.......##
*,************,*,* ##.#.##.## *,*
*,*,* #.#...... *,* *,*,*
#.#.##### ****,*
###########.####.#.#### *,,,,*
*#........##...........#
*,******......§§§§##.....#....#
*,* **,,,,,*#.@○§.#######.#..#
*,* **,,,,,,*#.○§§..##........#
**,***,,,,,,,*#.oo§...##......##
*,,,*,,,,,,,,*#........#......###
***,*,,,,,,,**##.......#.###.....
*,*,,,,,,** ##......#.# #.)...
*,+,,***** #####..'.# #.....
*,+,,***** ****#..'.# #.o...
***,,,,,,** **,,....######'###


You could see an orc wizard (inner flame) and an orc (inner flame).

Vanquished Creatures
  A water moccasin (D:2)
  2 ogres (D:5)
  An orc priest (D:5)
  Ijyb (D:2)
  An adder (D:3)
  A worm (D:2)
  2 dart slugs
  4 orcs (D:5)
  5 ball pythons
  6 endoplasms
  4 goblins
  2 hobgoblins
  4 jackals
  4 bats
  2 frilled lizards
  5 kobolds
  4 rats
49 creatures vanquished.

Vanquished Creatures (others)
  124 foxfires
124 creatures vanquished.

Grand Total: 173 creatures vanquished

Notes
Turn   | Place    | Note
-------+----------+-------------------------------------------
     0 | D:1      | Mesmaeker13 the Deep Elf Fire Elementalist began the quest
                  | for the Orb.
     0 | D:1      | Reached XP level 1. HP: 10/10 MP: 6/6
    78 | D:1      | Found a faded altar of an unknown god.
   577 | D:1      | Reached XP level 2. HP: 15/15 MP: 2/8
  1110 | D:2      | Found Yhilots's Antique Weapon Shoppe.
  1221 | D:2      | Found a snail-covered altar of Cheibriados.
  1436 | D:2      | Reached XP level 3. HP: 19/19 MP: 5/10
  1529 | D:2      | Found Perec's Magic Scroll Shoppe.
  1913 | D:3      | Noticed Ijyb
  1921 | D:3      | Noticed a water moccasin
  1938 | D:2      | Killed a water moccasin
  1939 | D:2      | Reached skill level 4 in Spellcasting
  1939 | D:2      | Reached XP level 4. HP: 10/24 MP: 8/12
  1939 | D:2      | Reached XP level 5. HP: 12/28 MP: 8/13
  2157 | D:3      | Found a snail-covered altar of Cheibriados.
  2289 | D:3      | Learned a level 4 spell: Sticky Flame
  2352 | D:3      | Found a runed translucent door.
  2353 | D:3      | Noticed Crazy Yiuf
  2423 | D:3      | Noticed Grinder
  2479 | D:2      | Killed Ijyb
  2749 | D:3      | You fall into a shaft and drop 2 floors!
  2749 | D:5      | Entered Level 5 of the Dungeon
  2749 | D:5      | Noticed an ogre
  2757 | D:5      | Killed an ogre
  2758 | D:5      | Reached XP level 6. HP: 32/32 MP: 10/15
  2761 | D:5      | Learned a level 2 spell: Blink
  2767 | D:5      | Found a runed translucent door.
  2776 | D:5      | Noticed p0werm0de's ghost (novice GrFi)
  2988 | D:5      | Reached skill level 5 in Spellcasting
  3003 | D:5      | Killed by an exploding orc... ignited by their inner flame

Illustrated notes

Levels and vault maps discovered:
D:1:      eino_arrival_water_star, layout_basic, basic_ecumenical_altar,
          dk_noncrumbling_4
D:2:      layout_loops_ring, basic_altar, serial_shops, shop, shop
D:3:      layout_loops_ring, marbit_many_paths, kennysheep_boxes,
          uniq_crazy_yiuf_cottage, uniq_ijyb, uniq_grinder
D:4:      layout_cave_pools, nicolae_hepliaklqana_hippocampus, minivault_1,
          minmay_tree_intersection, kennysheep_another_room,
          serial_bayou_ford_a, minivault_19, minmay_misc_feat_plants,
          uniq_sigmund
D:5:      layout_basic, minmay_temple_entry_gardened_gates,
          ebering_ghost_reflecting_pool, kennysheep_cross_room, st_stairs_8,
          minmay_manual_monolith, uniq_blork_the_orc

Skill      XL: |  1  2  3  4  5  6 |
---------------+-------------------+-----
Conjurations   | 2 3 |  3.6
Dodging        | 3 4 |  4.5
Spellcasting   | 4 5 |  5.2
Fire Magic     | 4 |  4.9
Stealth        | |  2.4

Action                   |  1- 3 |  4- 6 || total
-------------------------+-------+-------++-------
Melee: Staff             |       |     1 ||     1
 Cast: Foxfire           |    44 |    31 ||    75
  Use: Scroll            |       |    10 ||    10
       Potion            |       |     1 ||     1
Armor: Leather armour    |     7 |     7 ||    14
Dodge: Dodged            |    16 |    31 ||    47

Table legend: (Time is in decaauts)
 A = Elapsed time spent in this place.
 B = Non-inter-level travel time spent in this place.
 C = Inter-level travel time spent in this place.
 D = Time resting spent in this place.
 E = Time spent auto-exploring this place.
 F = Levels seen in this place.
 G = Mean time per level.
                   A        B        C        D        E       F      G
               +--------+--------+--------+--------+--------+-----+--------+
         Total |   3004 |   2928 |     76 |    524 |   1798 |   5 |  600.8 |
       Dungeon |   3004 |   2928 |     76 |    524 |   1798 |   5 |  600.8 |
               +--------+--------+--------+--------+--------+-----+--------+

Top non-repeatable levels by time:
     D:2: 1091 daAuts
     D:1: 1053 daAuts
     D:3: 606 daAuts
     D:5: 248 daAuts
     D:4: 5 daAuts
